 Dungeon Sprint DCSS version 0.23-a0-558-g30802b1 (webtiles) character file.

4000000 KernelPanic the Axe Maniac (level 23, -3/240 HPs)
             Began as a Minotaur Berserker on Dec 12, 2018.
             Was a Believer of Makhleb.
             Killed from afar by a large bag of meat (40 damage)
             ... with an exploding inner flame
             ... in the Dungeon (Sprint VIII: "Arena of Blood").
             The game lasted 00:03:24 (40 turns).

KernelPanic the Axe Maniac (Minotaur Berserker)       Turns: 40, Time: 00:03:25

Health: -3/240     AC:  4    Str: 30    XL:     23   Next: 23%
Magic:  21/53      EV: 28    Int:  4    God:    Makhleb [**....]
Gold:   0          SH:  0    Dex: 12    Spells: 76/76 levels left

rFire    . . .     SeeInvis .   j - +∞ Axe of Woe
rCold    . . .     Gourm    .   (shield currently unavailable)
rNeg     . . .     Faith    .   b - +0 animal skin
rPois    .         Spirit   .   (helmet restricted)
rElec    .         Reflect  .   (no cloak)
rCorr    .         Harm     .   (no gloves)
MR       +....     NoTele   +   (no boots)
Stlth    +++++++++.             (no amulet)
HPRegen  0.50/turn              (no ring)
MPRegen  0.33/turn              (no ring)

@: no status effects
A: retaliatory headbutt, horns 2
a: Minor Destruction, Renounce Religion


You were in the Dungeon.
You worshipped Makhleb.
Makhleb was pleased with you.
You were not hungry.

You visited 1 branch

Inventory:

Hand Weapons
 a - a +0 hand axe
 j - the +∞ Axe of Woe (weapon)
   (You found it in the Dungeon)
Armour
 b - a +0 animal skin (worn)
Scrolls
 i - a scroll of blinking
Potions
 d - a potion of curing
 e - a potion of heal wounds
 f - a potion of haste
 g - 2 potions of magic
 h - a potion of berserk rage
Comestibles
 c - a ration


   Skills:
 O Level 27 Fighting
 O Level 27 Axes
 O Level 27 Throwing
 O Level 27 Armour
 O Level 27 Dodging
 O Level 27 Stealth
 O Level 27 Unarmed Combat
 O Level 27 Spellcasting
 O Level 27 Invocations


You had 76 spell levels left.
You didn't know any spells.
Your spell library was empty.

Dungeon Overview and Level Annotations

Branches:
Dungeon (1/1)

Altars:
Makhleb


Innate Abilities, Weirdness & Mutations

You reflexively headbutt those who attack you in melee.
You have a pair of horns on your head.


Message History

The destroyer blinks!
The bag of meat hits you with a +9 war axe!!
* * * LOW HITPOINT WARNING * * *
You hear a shout! x2
The crawling corpse is engulfed in blazing flames.
Two crawling corpses merge to form a small abomination.
The small abomination completely misses you.
You furiously retaliate!
You headbutt the small abomination.
The destroyer blinks!
Two crawling corpses merge to form a small abomination. x2
The crawling corpse is engulfed in blazing flames.
The crawling corpse is destroyed!
A bag of meat comes into view. It is wielding a +9 war axe.
You hear a shout! x2
The bag of meat shouts!
You slice the large bag of meat!!
You hew the large bag of meat savagely.
The large bag of meat explodes!
The fiery explosion engulfs the bag of meat.
The fiery explosion engulfs you!
You die...

............
...o.......
...oO.§...O
......V... .
#.oo.§.V# #..
#.O...O.# ..
....###.)).VoV###...
........)###oxo.....
#....))))O)@§oo....
......)#x)§)§#§.D...
.......#_)<§§# .....
.......#..§x§# §...
.#.o...z.._.x... ...
.........###........
....###... ...###. .
.... #... ...# #...
..#


You could see an eight-headed meat hydra, 4 destroyers, a sculptor of flesh, 2
large bags of meat, a meat berserker (berserk), 4 small abominations and 8 bags
of meat.

Vanquished Creatures
  2 vampire knights (D)
  13 ogres (D)
  A two-headed ogre (D)
  14 orcs (D)
  A crawling corpse (D)
31 creatures vanquished.

Vanquished Creatures (others)
  A crawling corpse (D)
1 creature vanquished.

Grand Total: 32 creatures vanquished

Notes
Turn   | Place    | Note
-------+----------+-------------------------------------------
     0 | D        | Found the +∞ Axe of Woe
     0 | D        | KernelPanic the Minotaur Berserker began the quest for the
                  | Orb.
     0 | D        | Reached XP level 1. HP: 19/19 MP: 0/0
     2 | D        | Noticed a bag of meat
     3 | D        | Noticed a bag of meat
     4 | D        | Noticed a meat berserker
     5 | D        | Killed a meat berserker
     5 | D        | Reached XP level 2. HP: 60/60 MP: 1/1
     5 | D        | Reached XP level 3. HP: 67/67 MP: 2/2
     5 | D        | Reached XP level 4. HP: 75/75 MP: 3/3
     5 | D        | Reached XP level 5. HP: 82/82 MP: 4/4
     5 | D        | Reached XP level 6. HP: 91/91 MP: 5/5
     5 | D        | Reached XP level 7. HP: 97/97 MP: 6/6
     5 | D        | Reached XP level 8. HP: 106/106 MP: 7/7
     5 | D        | Reached XP level 9. HP: 114/114 MP: 8/8
     5 | D        | Reached XP level 10. HP: 122/122 MP: 9/9
     5 | D        | Reached XP level 11. HP: 129/129 MP: 10/10
     5 | D        | Reached XP level 12. HP: 137/137 MP: 11/11
     5 | D        | Reached XP level 13. HP: 145/145 MP: 12/12
     6 | D        | Noticed a meat berserker
     6 | D        | Noticed a meat berserker
     7 | D        | Killed a bag of meat
     7 | D        | Reached ** piety under Trog
     7 | D        | Noticed a meat berserker
     8 | D        | Killed a bag of meat
     8 | D        | Reached XP level 14. HP: 162/162 MP: 13/13
    10 | D        | Killed a meat berserker
    10 | D        | Reached skill level 27 in Fighting
    10 | D        | Reached skill level 27 in Axes
    10 | D        | Reached skill level 27 in Armour
    10 | D        | Reached skill level 5 in Stealth
    10 | D        | Reached XP level 15. HP: 101/174 MP: 14/14
    10 | D        | Noticed a meat berserker
    10 | D        | Noticed a meat berserker
    12 | D        | Killed a meat berserker
    12 | D        | Reached *** piety under Trog
    13 | D        | Noticed a meat berserker
    15 | D        | Killed a meat berserker
    15 | D        | Reached XP level 16. HP: 109/183 MP: 15/15
    15 | D        | Killed a meat berserker
    15 | D        | Reached XP level 17. HP: 113/191 MP: 16/16
    15 | D        | Killed a meat berserker
    15 | D        | Reached skill level 27 in Dodging
    16 | D        | Killed a meat berserker
    16 | D        | Reached **** piety under Trog
    16 | D        | Reached skill level 27 in Stealth
    16 | D        | Reached XP level 18. HP: 119/200 MP: 16/26
    17 | D        | Noticed a meat berserker
    17 | D        | Noticed a meat berserker
    20 | D        | Killed a meat berserker
    20 | D        | Reached XP level 19. HP: 126/207 MP: 16/35
    20 | D        | Killed a meat berserker
    20 | D        | Fell from the grace of Trog
    20 | D        | Reached skill level 15 in Spellcasting
    20 | D        | Noticed a meat berserker
    22 | D        | Noticed a destroyer
    23 | D        | Noticed a meat berserker
    24 | D        | Reached XP level 20. HP: 116/216 MP: 17/40
    24 | D        | Noticed a large bag of meat
    26 | D        | Reached skill level 27 in Unarmed Combat
    27 | D        | Killed a meat berserker
    27 | D        | Reached skill level 27 in Throwing
    28 | D        | Noticed a meat berserker
    29 | D        | Reached XP level 21. HP: 122/224 MP: 18/48
    30 | D        | Noticed a large bag of meat
    31 | D        | Reached skill level 27 in Spellcasting
    31 | D        | Killed a destroyer
    32 | D        | Noticed a destroyer
    32 | D        | Noticed a destroyer
    33 | D        | Became a worshipper of Makhleb the Destroyer
    33 | D        | Noticed a destroyer
    35 | D        | Reached skill level 27 in Invocations
    35 | D        | Reached XP level 22. HP: 45/233 MP: 20/52
    35 | D        | Reached * piety under Makhleb
    35 | D        | Killed a large bag of meat
    36 | D        | Noticed a large bag of meat
    36 | D        | Noticed a destroyer
    36 | D        | Noticed a destroyer
    37 | D        | Reached ** piety under Makhleb
    38 | D        | Killed a destroyer
    38 | D        | Reached XP level 23. HP: 129/240 MP: 21/53
    38 | D        | Noticed a large bag of meat
    40 | D        | Killed a large bag of meat
    40 | D        | Killed from afar by a large bag of meat

Vault maps used:
D:        meatsprint

Skill      XL: |  1  2  3  4  5  6  7  8  9 10 11 12 13 14 15 16 17 18 19 20 21 |
---------------+----------------------------------------------------------------+-----
Fighting       | 21 25 27 | 27.0
Axes           | 21 25 27 | 27.0
Armour         | 21 24 27 | 27.0
Dodging        | 6 21 25 27 | 27.0
Stealth        | 5 18 21 27 | 27.0
Throwing       | 8 17 23 27 | 27.0
Unarmed Combat | 9 19 25 27 | 27.0
Spellcasting   | 6 13 17 24 27 | 27.0
Invocations    | 27 | 27.0

Action                   |  1- 3 |  4- 6 |  7- 9 | 10-12 | 13-15 | 16-18 | 19-21 | 22-24 || total
-------------------------+-------+-------+-------+-------+-------+-------+-------+-------++-------
Melee: Executioner's axe |     1 |       |       |       |     5 |     2 |     8 |     3 ||    19
Invok: Trog's Hand       |       |       |       |       |       |     1 |       |       ||     1
       Minor Destruction |       |       |       |       |       |       |       |     1 ||     1
Dodge: Dodged            |       |       |       |       |     1 |       |       |     1 ||     2

Table legend:
 A = Non-vault XP
 B = Vault XP
 C = Vault XP percentage of total XP
 D = Non-vault monster count
 E = Vault monster count
 F = Vault count percentage of total count
                 A         B        C        D         E       F
            +---------+---------+-------+---------+---------+-------
      Total |  622002 |  254349 |  29.0 |      18 |      12 |  40.0
            +---------+---------+-------+---------+---------+-------
          D |  622002 |  254349 |  29.0 |      18 |      12 |  40.0
            +---------+---------+-------+---------+---------+-------
